 Dungeon Crawl Stone Soup version 0.31-a0-188-g5e087ee2ca (webtiles) character file.

Game seed: 5440814836980062909

34 qw the Shooter (level 3, -2/20 HPs)
             Began as a Deep Elf Hunter on June 23, 2023.
             Succumbed to Sigmund's poison
             ... on level 2 of the Dungeon.
             The game lasted 00:00:24 (867 turns).

qw the Shooter (Deep Elf Hunter)                     Turns: 867, Time: 00:00:24

Health: -2/20      AC:  9    Str: 10    XL:     3   Next: 14%
Magic:  5/5        EV: 11    Int: 13    God:
Gold:   75         SH:  0    Dex: 18    Spells: 2/2 levels left

rFire   . . .        Y - +0 shortbow
rCold   . . .        (shield currently unavailable)
rNeg    . . .        d - +0 ring mail
rPois   .            (no helmet)
rElec   .            (no cloak)
rCorr   .            (no gloves)
SInv    .            (no boots)
Will    .....        (no amulet)
Stlth   +            e - +4 ring of protection
HPRegen 0.23/turn    (no ring)
MPRegen 0.09/turn

%: no passive effects
@: lethally poisoned (-2 -> -19)
A: no striking features
a: no special abilities


You were on level 2 of the Dungeon.
You visited 1 branch of the dungeon, and saw 2 of its levels.

You collected 75 gold pieces.


   Skills:
 - Level 1.5 Fighting
 + Level 6.7 Ranged Weapons
 - Level 2.4 Dodging
 - Level 1.2 Stealth


You had 2 spell levels left.
You didn't know any spells.
Your spell library was empty.

Inventory:

Hand Weapons
 Y - a +0 shortbow (weapon)
Armour
 d - a +0 ring mail (worn)
Jewellery
 e - a +4 ring of protection (left hand)
Potions
 a - a potion of attraction {unknown}
 b - 2 potions of curing {unknown}
 c - a potion of lignification {unknown}
 f - a potion of magic {unknown}

Dungeon Overview and Level Annotations

Branches:
Dungeon (2/15)

Altars:

Shops:
D:1 (

Annotations:
D:2 Sigmund


Message History

Enter note: A ball python comes into view.
The ball python hisses angrily.
Enter note:
Enter note:
Enter note:
Enter note: You shoot an arrow.
The arrow hits the ball python.
You kill the ball python!
Sigmund the Dreaded comes into view.
He is wielding a +5 scythe of venom.
Found a scroll labelled BUAZOODUYPP.
Sigmund shouts!
Sigmund whispers, "You'll know eternity soon."
Sigmund mumbles some strange words.
Sigmund flickers and vanishes!
Deactivating autopickup; reactivate with Ctrl-A.
Enter note:
Enter note:
Enter note:
Enter note: You shoot an arrow.
You are confused.
A puff of flame appears from out of thin air!
The puff of flame misses you.
You shoot an arrow. You shoot an arrow. You shoot an arrow. You shoot an arrow.
You feel less confused.
You shoot an arrow. Something hits you.
You are poisoned.
You shoot an arrow.
You feel very sick. Something hits you.
You are lethally poisoned!
You shoot an arrow.
You feel very sick.
You shoot an arrow.
You die...

# #.#.##.##.####......###
#.#...##.##........#####.
#.#.#.##.##.....#####....
#..%%.).######... ...###
##.###### #### ##....
####.########### ####.
#...........(..# ##
#.##.##........# #
#.##..@)....#
..##.......$.?
...##........##
.........%....#
#.##.###.......# #. #.#
#......## #.####.# #. .#


There were no monsters in sight!

Vanquished Creatures
  2 ball pythons (D:2)
  5 endoplasms
  3 hobgoblins (D:1)
  4 jackals (D:2)
  2 kobolds (D:2)
  A quokka (D:1)
  A bat (D:1)
  4 frilled lizards
  4 goblins
  4 rats (D:1)
30 creatures vanquished.

Notes
Turn   | Place    | Note
-------+----------+-------------------------------------------
     0 | D:1      | qw the Deep Elf Hunter began the quest for the Orb.
     0 | D:1      | Reached XP level 1. HP: 12/12 MP: 3/3
     0 | D:1      | 0 ||| qw: Version: 0.3-a-9-g12657ce
     0 | D:1      | 0 ||| qw: Game counter: 3874
     0 | D:1      | 0 ||| qw: Always use a shield: true
     0 | D:1      | 0 ||| qw: God list: Okawaru
     0 | D:1      | 0 ||| qw: Allow faded altars: false
     0 | D:1      | 0 ||| qw: Do Orc after D:15 true
     0 | D:1      | 0 ||| qw: Do second Lair branch before Depths: true
     0 | D:1      | 0 ||| qw: Lair rune preference: random
     0 | D:1      | 0 ||| qw: Plans: Normal
     0 | D:1      | 0 ||| PLANNING D:1-11
    84 | D:1      | Found Cimoemuo's Weapon Boutique.
   136 | D:1      | Reached skill level 6 in Ranged Weapons
   136 | D:1      | Reached XP level 2. HP: 16/16 MP: 4/4
   400 | D:1      | 400 ||| UPGRADING to +0 ring mail.
   410 | D:1      | 410 ||| DROPPING +0 leather armour.
   411 | D:1      | 411 ||| UPGRADING to +4 ring of protection.
   412 | D:1      | 412 ||| READING scroll labelled TYAHAA FUCIS.
   413 | D:1      | 413 ||| READING scroll labelled POWIUTEMUM.
   443 | D:1      | 443 ||| DROPPING scroll of butterflies.
   833 | D:2      | Reached XP level 3. HP: 20/20 MP: 5/5
   858 | D:2      | Noticed Sigmund
   866 | D:2      | HP: 2/20 [poisoned by Sigmund]
   867 | D:2      | Succumbed to Sigmund's poison

Levels and vault maps discovered:
D:1:      ncdulo_lavacross, layout_rooms, serial_shops, nicolae_diamond_shop,
          minivault_27
D:2:      minmay_general_purpose_star, layout_loops_cross, uniq_sigmund

Skill      XL: |  1 |
---------------+----+-----
Ranged Weapons | 6 |  6.7
Fighting       | |  1.5
Dodging        | |  2.4
Stealth        | |  1.2

Action                     || total
---------------------------++-------
   Fire: Shortbow          ||    87
    Use: Scroll            ||     2
 Armour: Leather armour    ||     2
         Ring mail         ||     9
  Dodge: Dodged            ||    24

Table legend:
 A = Non-vault XP
 B = Vault XP
 C = Vault XP percentage of total XP
 D = Non-vault monster count
 E = Vault monster count
 F = Vault count percentage of total count
                 A         B        C        D         E       F
            +---------+---------+-------+---------+---------+-------
      Total |      44 |       5 |  10.2 |      27 |       3 |  10.0
            +---------+---------+-------+---------+---------+-------
        D:1 |      24 |       0 |   0.0 |      16 |       0 |   0.0
        D:2 |      20 |       5 |  20.0 |      11 |       3 |  21.4
            +---------+---------+-------+---------+---------+-------
